[Event "Titled Tuesday Blitz April 18 Late 2023"]
[White "Ward, Ieuan C"]
[Black "Dias, Joao Batista"]
[WhiteFideId "406627"]
[BlackFideId "2108240"]
[WhiteElo "2318"]
[BlackElo "1907"]
[Result "1-0"]
[Round "05"]
[TimeControl "180+2"]
[Date "2023.04.18"]
[WhiteClock "0:00:04"]
[BlackClock "0:00:15"]

1. d4 d5 2. c4 c6 3. Nf3 Nf6 4. Nc3 g6 5. e3 Bg7 6. Bd3 O-O 7. O-O Bg4 8. b3 e6 9. Bb2 Nbd7 10. e4 dxe4 11. Nxe4 Nxe4 12. Bxe4 Nf6 13. Bc2 Qc7 14. h3 Bxf3 15. Qxf3 Nd7 16. Rad1 Rad8 17. Bb1 Qa5 18. Bc3 Qc7 19. d5 cxd5 20. Bxg7 Kxg7 21. cxd5 exd5 22. Rxd5 Nf6 23. Rdd1 Rxd1 24. Rxd1 Rd8 25. Rxd8 Qxd8 26. Bd3 Qd4 27. Bc4 b5 28. Bxb5 Qa1+ 29. Bf1 Qxa2 30. g4 h6 31. Kg2 Qa3 32. Bc4 Qd6 33. Qb7 Qd7 34. Qf3 Ne8 35. Qc3+ f6 36. Qa5 Nd6 37. Qd5 Qb7 38. Qxb7+ Nxb7 39. Kf3 Kf8 40. Ke4 Ke7 41. Kd5 Nd6 42. Bd3 g5 43. Kc6 Nf7 44. Kb7 Ne5 45. Ba6 Kd6 46. Kxa7 Kc7 47. Be2 Nc6+ 48. Ka6 Nd4 49. Bd1 f5 50. gxf5 Nxf5 51. b4 Nd4 52. b5 Ne6 53. b6+ Kb8 54. Bf3 Nf4 55. Bg4 h5 56. Bf5 g4 57. hxg4 hxg4 58. Bxg4 Nd3 59. f3 Ne5 60. Kb5 Kb7 61. Kc5 Nd3+ 62. Kd4 Nf2 63. Kc5 Nd3+ 64. Kb5 Ne5 65. Bh5 Kb8 66. f4 Nd7 67. Bg4 Nf6 68. Be6 Kb7 69. f5 Ne8 70. Bd5+ Kb8 71. Kc6 Nf6 72. b7 Ng4 73. Kd6 Nf6 74. Ke6 Ng4 75. f6 Nh6 76. f7 1-0


[Site "https://www.chess.com"]

[Event "Titled Tuesday Blitz April 18 Late 2023"]
[White "Kraus, Tomas"]
[Black "Manu_ChessExcelsior"]
[WhiteFideId "331708"]
[WhiteElo "2389"]
[BlackElo "1977"]
[Result "0-1"]
[Round "05"]
[TimeControl "180+2"]
[Date "2023.04.18"]
[WhiteClock "0:00:02"]
[BlackClock "0:00:07"]

1. d4 d5 2. Nf3 e6 3. c4 Nf6 4. Nc3 a6 5. g3 dxc4 6. Bg2 Bd7 7. Ne5 Bc6 8. Nxc6 Nxc6 9. Bxc6+ bxc6 10. Qa4 Qd7 11. Qxc4 c5 12. dxc5 Qc6 13. O-O Qxc5 14. Qxc5 Bxc5 15. Bf4 Bd6 16. Rac1 Ke7 17. e4 Nd7 18. Rfd1 Rab8 19. b3 Rhd8 20. f3 f6 21. Kf2 Ne5 22. Na4 g5 23. Be3 Rd7 24. Ke2 Rbd8 25. Nc5 Bxc5 26. Bxc5+ Kf7 27. Rxd7+ Rxd7 28. Rc3 g4 29. f4 Nf3 30. h3 h5 31. hxg4 hxg4 32. Be3 f5 33. exf5 exf5 34. Rc5 Kf6 35. Rc6+ Rd6 36. Rxc7 Re6 37. Kf2 Rd6 38. Rb7 Rc6 39. Rb6 Rxb6 40. Bxb6 Ke6 41. Ke3 Kd5 42. Ba7 Ne1 43. Bb8 Kc5 44. Be5 Nc2+ 45. Kd2 Nb4 46. a3 Nc6 47. Bc3 Ne7 48. Kd3 Nd5 49. Bd2 Nf6 50. Be3+ Kb5 51. Kd4 Ne4 52. Ke5 Nxg3 53. Ba7 Kc6 54. a4 Kb7 55. Bc5 Kc6 56. b4 a5 57. Bd4 axb4 58. Bb2 b3 59. a5 Kb5 60. Kd4 Kxa5 61. Kc3 Ka4 62. Bc1 Ne2+ 0-1


[Site "https://www.chess.com"]

[Event "Titled Tuesday Blitz April 18 Late 2023"]
[White "Burke, Paul"]
[Black "Marchesich, Giovanni"]
[WhiteFideId "2605767"]
[BlackFideId "2824790"]
[WhiteElo "1921"]
[BlackElo "2209"]
[Result "0-1"]
[Round "05"]
[TimeControl "180+2"]
[Date "2023.04.18"]
[WhiteClock "0:01:22"]
[BlackClock "0:01:54"]

1. e4 e5 2. Nf3 d5 3. Nxe5 Bd6 4. d4 dxe4 5. Nc4 Nf6 6. Ne3 O-O 7. Be2 c5 8. d5 Nbd7 9. O-O Ne5 10. c4 a6 11. Nc3 Bd7 12. Qc2 Rb8 13. Nxe4 Nxe4 14. Qxe4 f5 15. Qc2 f4 16. Nd1 f3 17. Bxf3 Nxf3+ 18. gxf3 Qh4 19. f4 Rxf4 0-1


[Site "https://www.chess.com"]

[Event "Titled Tuesday Blitz April 18 Late 2023"]
[White "Golubev, Mikhail"]
[Black "Ardila, Oscar Humberto"]
[WhiteFideId "14100983"]
[BlackFideId "4404742"]
[WhiteElo "2374"]
[BlackElo "1918"]
[Result "1-0"]
[Round "05"]
[TimeControl "180+2"]
[Date "2023.04.18"]
[WhiteClock "0:00:08"]
[BlackClock "0:00:03"]

1. e4 e5 2. Nf3 Nf6 3. Nc3 Nc6 4. g3 d6 5. Bg2 g6 6. d4 exd4 7. Nxd4 Nxd4 8. Qxd4 Bg7 9. O-O O-O 10. Qd3 Re8 11. h3 Be6 12. Bg5 h6 13. Be3 Qd7 14. f4 Bxh3 15. f5 Bxg2 16. Kxg2 Qc6 17. fxg6 fxg6 18. Rxf6 Bxf6 19. Nd5 Bg7 20. Rf1 Re6 21. Bd4 Rae8 22. Bxg7 Kxg7 23. Qf3 Qd7 24. Nf6 Qe7 25. Nxe8+ Qxe8 26. Qc3+ Kg8 27. Qxc7 Rxe4 28. Qxb7 Re2+ 29. Kh1 Qe4+ 30. Qxe4 Rxe4 31. Rf6 Kg7 32. Rxd6 Re2 33. Rc6 h5 34. a4 Kh6 35. Rc5 Kg7 36. b4 Kf6 37. b5 Ke7 38. a5 Kd7 39. b6 axb6 40. axb6 Re1+ 41. Kg2 Rb1 42. Rc7+ Kd6 43. Rg7 g5 44. Rxg5 Ke6 45. Rxh5 1-0


[Site "https://www.chess.com"]

[Event "Titled Tuesday Blitz April 18 Late 2023"]
[White "Vaglio Munoz, Jaime"]
[Black "Eisa Mohmood, Alkhoori"]
[WhiteFideId "6500145"]
[BlackFideId "9316116"]
[WhiteElo "2199"]
[BlackElo "1310"]
[Result "1/2-1/2"]
[Round "05"]
[TimeControl "180+2"]
[Date "2023.04.18"]
[WhiteClock "0:00:34"]
[BlackClock "0:00:13"]

1. Nf3 Nf6 2. b3 e6 3. Bb2 d5 4. g3 Be7 5. Bg2 O-O 6. O-O c5 7. d3 Nc6 8. Nbd2 b6 9. Re1 Bb7 10. e4 d4 11. Nf1 e5 12. h4 Ne8 13. N1h2 Qd7 14. Bc1 Nd6 15. a4 a6 16. Qe2 b5 17. Qf1 Rac8 18. Bd2 Rfe8 19. axb5 axb5 20. Bh3 f5 21. exf5 Nxf5 22. Nxe5 Nxe5 23. Rxe5 Qc6 24. Bg2 Qxg2+ 25. Qxg2 Bxg2 26. Kxg2 g6 27. Rae1 Kf7 28. Ng4 Bf8 29. Rxe8 Rxe8 30. Ne5+ Kf6 31. f4 Bd6 32. Ng4+ Kf7 33. Rxe8 Kxe8 34. Nf6+ Ke7 35. Nxh7 Ke6 36. Kf3 Kd5 37. Nf6+ Ke6 38. Ne4 Be7 39. Be1 Kd5 40. Ng5 Ne3 41. c4+ Kc6 42. Bd2 Nc2 43. Ne4 Na1 44. g4 Nxb3 45. h5 gxh5 46. gxh5 Bf8 47. Be1 Nc1 48. cxb5+ Kxb5 49. f5 Nxd3 50. Bd2 c4 51. f6 c3 52. Bxc3 dxc3 53. Nxc3+ Kc4 54. Ne4 Kd5 55. Ng5 Ne5+ 56. Kf4 Nd3+ 57. Kf5 Nc5 58. f7 Nd7 59. Ne6 Kd6 60. Nf4 Ke7 61. Kg6 Ne5+ 62. Kf5 Nxf7 63. Ng6+ Ke8 64. Nxf8 Kxf8 65. Kg6 Kg8 66. h6 Nxh6 1/2-1/2


[Site "https://www.chess.com"]

[Event "Titled Tuesday Blitz April 18 Late 2023"]
[White "Alexikov, Alexander"]
[Black "Bueno, Alfeu Junior Varela"]
[WhiteFideId "14103958"]
[BlackFideId "2108879"]
[WhiteElo "2186"]
[BlackElo "2175"]
[Result "0-1"]
[Round "05"]
[TimeControl "180+2"]
[Date "2023.04.18"]
[WhiteClock "0:00:09"]
[BlackClock "0:00:26"]

1. e4 e6 2. d4 d5 3. Nc3 Nf6 4. Bg5 Be7 5. e5 Nfd7 6. Bxe7 Qxe7 7. f4 O-O 8. Nf3 c5 9. Qd2 f6 10. Nb5 Nc6 11. c3 a6 12. Nd6 b5 13. Bd3 b4 14. O-O a5 15. Bb5 Na7 16. Bd3 Nc6 17. Qe2 Ncb8 18. Nxc8 Rxc8 19. exf6 Qxf6 20. Rae1 bxc3 21. bxc3 cxd4 22. cxd4 Nc6 23. Qxe6+ Qxe6 24. Rxe6 Nb4 25. Bf5 Nxa2 26. Re7 Nf6 27. Be6+ Kf8 28. Rf7+ Ke8 29. Re1 Rc1 30. Rxg7 Ra6 31. f5 a4 32. Rf7 Ne4 33. Bxd5 Rxe1+ 34. Nxe1 Nac3 35. Bxe4 Nxe4 36. Rxh7 a3 37. Nc2 Rc6 38. Ne3 a2 39. Ra7 Rc1+ 40. Nf1 a1=Q 41. Rxa1 Rxa1 42. g4 Nd2 43. Kg2 Rxf1 44. h4 Kf7 45. d5 Rf4 46. Kg3 Rd4 47. g5 Rxd5 48. Kf4 Rd4+ 49. Ke3 Rxh4 50. Kxd2 Rh5 51. g6+ Kf6 0-1


[Site "https://www.chess.com"]

[Event "Titled Tuesday Blitz April 18 Late 2023"]
[White "Ng, Gary"]
[Black "Fuzesabonyilaci"]
[WhiteFideId "2604914"]
[WhiteElo "2292"]
[BlackElo "2334"]
[Result "1-0"]
[Round "05"]
[TimeControl "180+2"]
[Date "2023.04.18"]
[WhiteClock "0:00:24"]
[BlackClock "0:00:04"]

1. d4 Nf6 2. Bf4 g6 3. Nc3 d5 4. e3 c6 5. h4 h5 6. Nf3 Bg7 7. Ne5 Nbd7 8. Be2 Nxe5 9. Bxe5 O-O 10. Qd2 Be6 11. O-O-O c5 12. dxc5 Ne4 13. Nxe4 Bxe5 14. Ng5 Rc8 15. f4 Bg7 16. Nxe6 fxe6 17. g4 Rxc5 18. gxh5 Qb6 19. c3 Rfc8 20. Bd3 Rxc3+ 21. bxc3 Bxc3 22. Qc2 Bb2+ 23. Kd2 Qb4+ 24. Ke2 Rxc2+ 25. Bxc2 gxh5 26. Rhg1+ Kf8 27. Rg5 Bf6 28. Rxh5 Qc4+ 29. Bd3 Qxa2+ 30. Rd2 Qb3 31. Rh7 Ke8 32. h5 Bc3 33. Bg6+ Kd7 34. Rc2 Bb4 35. Rh8 Qa4 36. Rcc8 Qb5+ 37. Kf2 Qa5 38. Kf3 Be1 39. h6 d4 40. Rhd8+ 1-0


[Site "https://www.chess.com"]

[Event "Titled Tuesday Blitz April 18 Late 2023"]
[White "BebeBonito2022"]
[Black "Hirneise, Jens"]
[BlackFideId "24614734"]
[WhiteElo "2199"]
[BlackElo "2345"]
[Result "0-1"]
[Round "05"]
[TimeControl "180+2"]
[Date "2023.04.18"]
[WhiteClock "0:00:05"]
[BlackClock "0:00:10"]

1. d4 f5 2. Nc3 d5 3. Bf4 Nf6 4. e3 e6 5. Bd3 Bd6 6. Nce2 O-O 7. Nf3 Bd7 8. c4 Bb4+ 9. Nc3 Ne4 10. Qc2 Nc6 11. O-O Bxc3 12. bxc3 g5 13. Be5 g4 14. Nd2 Nxe5 15. dxe5 Bc6 16. Rad1 Qe7 17. Nb3 Kh8 18. Nd4 Rg8 19. Nxc6 bxc6 20. Bxe4 fxe4 21. Kh1 Rg5 22. f4 gxf3 23. gxf3 exf3 24. Rxf3 Rag8 25. Rdf1 Qg7 26. Qd1 Rxe5 27. Rg3 Rg5 28. Rfg1 Rxg3 29. Rxg3 Qxc3 30. Rxg8+ Kxg8 31. Qg4+ Kf7 32. Qh5+ Ke7 33. Qxh7+ Kd6 34. Qh3 Qa1+ 35. Kg2 Qxa2+ 36. Kf3 Qxc4 37. Qg3+ e5 38. Qg6+ Kc5 39. h4 Qxh4 40. Qe8 Qe4+ 41. Ke2 Qc4+ 42. Kf2 Qc2+ 43. Kf3 e4+ 44. Kf4 Qf2+ 45. Ke5 Qxe3 46. Qe7+ Kc4 47. Qxc7 Qd4+ 48. Ke6 Qc5 49. Qg3 e3 50. Qe1 Qd4 51. Qc1+ Qc3 52. Qf1+ Qd3 53. Qc1+ Kd4 54. Qb2+ Qc3 55. Qg2 Kd3 56. Qf1+ e2 57. Qf3+ Kd2 58. Qf4+ Qe3+ 59. Qxe3+ Kxe3 0-1


[Site "https://www.chess.com"]

[Event "Titled Tuesday Blitz April 18 Late 2023"]
[White "Gardezi, Arsal"]
[Black "Karthik, Advaith"]
[WhiteFideId "30949521"]
[BlackFideId "30946050"]
[WhiteElo "1906"]
[BlackElo "2004"]
[Result "0-1"]
[Round "05"]
[TimeControl "180+2"]
[Date "2023.04.18"]
[WhiteClock "0:00:18"]
[BlackClock "0:01:28"]

1. d4 Nf6 2. c4 e6 3. Nc3 Bb4 4. Qc2 O-O 5. Nf3 b6 6. e3 Bb7 7. Be2 Ne4 8. O-O Bxc3 9. bxc3 d6 10. Ba3 Re8 11. Bd3 Nf6 12. e4 e5 13. d5 Nbd7 14. Rab1 a5 15. Nd2 Ba6 16. Kh1 Ng4 17. Qd1 Qh4 18. Nf3 Nxf2+ 19. Kg1 Nxd1 20. Nxh4 Ne3 21. Rf3 Nxc4 22. Bc1 Nc5 23. Bf1 Nxe4 24. Bd3 Ned2 25. Rg3 Nxb1 26. Bxb1 e4 0-1


[Site "https://www.chess.com"]

[Event "Titled Tuesday Blitz April 18 Late 2023"]
[White "Qiao, Cindy"]
[Black "Stanisz, Patryk"]
[WhiteFideId "2620243"]
[BlackFideId "1123106"]
[WhiteElo "1777"]
[BlackElo "2069"]
[Result "1-0"]
[Round "05"]
[TimeControl "180+2"]
[Date "2023.04.18"]
[WhiteClock "0:00:23"]
[BlackClock "0:00:14"]

1. d4 d5 2. Bf4 Nf6 3. e3 c5 4. c3 Nc6 5. Nf3 e6 6. Bd3 cxd4 7. exd4 Nh5 8. Bg5 f6 9. Bh4 Bd6 10. O-O Nf4 11. Bc2 O-O 12. Nbd2 Kh8 13. Re1 e5 14. dxe5 Bc5 15. Nb3 Bb6 16. Bg3 fxe5 17. Nxe5 Nxe5 18. Rxe5 Qf6 19. Re1 Ng6 20. Nd4 Bd7 21. Qh5 Rae8 22. Rad1 a6 23. Bxg6 Qxg6 24. Qxg6 hxg6 25. Nf3 Bc6 26. Ne5 Kh7 27. Rd2 Rf6 28. Rde2 Rfe6 29. Kf1 Bc7 30. f4 Bxe5 31. Rxe5 Rxe5 32. Rxe5 Rxe5 33. fxe5 Kg8 34. Ke2 Kf7 35. Ke3 Ke6 36. Kd4 Bb5 37. Bh4 Be2 38. Bd8 Bg4 39. g3 Bd1 40. b3 Bc2 41. c4 dxc4 42. bxc4 Bb1 43. a3 Ba2 44. Bb6 Bb3 45. Bc5 Kf7 46. Kd5 Ba4 47. e6+ Ke8 48. Kd6 Bc6 49. Bd4 Be4 50. Bxg7 g5 51. Bh6 g4 52. Ke5 Bf3 53. Kd6 Be2 54. Ke5 Bf3 55. Bg5 Be2 56. Kf4 Bf3 57. h3 Be2 58. hxg4 Bxc4 59. Ke5 Be2 60. Kf5 Bd3+ 61. Kf4 Bc4 62. Ke5 Be2 63. Kf4 Bd3 64. Bf6 Bc4 65. Kf5 Bd3+ 66. Kg5 Bc4 67. e7 Kf7 68. Kh6 Bb5 69. g5 Kg8 70. Kg6 Be8+ 71. Kf5 Kh7 72. g4 Bg6+ 73. Ke6 Be8 74. Kd6 Kg6 75. Kc7 b5 76. Kb6 Kf7 77. Kxa6 Kg6 78. Kb6 Kf7 79. Kc5 Kg6 80. Kb4 Kf7 81. Kc5 Kg6 82. Kd5 Kf7 83. Ke5 Kg6 84. Kf4 Kh7 85. Kf5 Bg6+ 86. Ke6 Be8 87. Kd6 Kg6 88. Kc7 Kf7 89. Kd8 Bc6 90. g6+ Kxg6 91. e8=Q+ Bxe8 92. Kxe8 Kxf6 93. Kd7 Kg5 94. Kc6 Kxg4 95. Kxb5 Kf5 96. a4 Ke6 97. Kc6 Ke7 98. Kc7 Ke6 99. a5 Kd5 100. a6 Kc5 101. a7 1-0


[Site "https://www.chess.com"]

[Event "Titled Tuesday Blitz April 18 Late 2023"]
[White "Prohorov, Olexandr"]
[Black "Rose, Felix"]
[WhiteFideId "14105578"]
[BlackFideId "5105722"]
[WhiteElo "1966"]
[BlackElo "2039"]
[Result "1-0"]
[Round "05"]
[TimeControl "180+2"]
[Date "2023.04.18"]
[WhiteClock "0:01:20"]
[BlackClock "0:00:04"]

1. d4 d5 2. c4 e6 3. Nc3 Nf6 4. Nf3 Be7 5. Bf4 O-O 6. e3 b6 7. Rc1 c5 8. a3 Bb7 9. cxd5 Nxd5 10. Bg3 Nc6 11. Bd3 cxd4 12. exd4 Bf6 13. Qe2 g6 14. Qe4 Nxc3 15. bxc3 Na5 16. Qg4 Rc8 17. O-O Qd5 18. Rfe1 Bg7 19. Ne5 Qa2 20. h4 Qxa3 21. h5 Rxc3 22. hxg6 hxg6 23. Rxc3 Qxc3 24. Re3 Qc8 25. Nxg6 fxg6 26. Qxg6 Qc6 27. Qh7+ Kf7 28. Bg6+ 1-0


[Site "https://www.chess.com"]

[Event "Titled Tuesday Blitz April 18 Late 2023"]
[White "Wang, Alexander J"]
[Black "Michalski, Olaf"]
[WhiteFideId "30955270"]
[BlackFideId "1106740"]
[WhiteElo "2288"]
[BlackElo "2173"]
[Result "1-0"]
[Round "05"]
[TimeControl "180+2"]
[Date "2023.04.18"]
[WhiteClock "0:00:22"]
[BlackClock "0:00:01"]

1. e4 c5 2. Nf3 a6 3. d4 cxd4 4. Nxd4 Nf6 5. Nc3 e5 6. Nde2 Bc5 7. Ng3 Qb6 8. Qe2 d6 9. h3 Nc6 10. Qd2 Qa7 11. Bc4 Be6 12. Bd5 O-O 13. O-O Bb4 14. a3 Bxc3 15. bxc3 Bxd5 16. exd5 Ne7 17. c4 Qc5 18. Qb4 Qxb4 19. axb4 Rac8 20. c5 dxc5 21. d6 Ned5 22. bxc5 Rxc5 23. Ba3 Rxc2 24. Rab1 b5 25. Nf5 g6 26. Ne7+ Nxe7 27. dxe7 Re8 28. Rbd1 Rc7 29. Rd8 Kg7 30. Rfd1 Rexe7 31. Bxe7 Rxe7 32. R8d6 Ra7 33. Ra1 a5 34. Rb6 b4 35. Rxb4 axb4 36. Rxa7 Nd5 37. Rb7 Kf6 38. Kf1 1-0


[Site "https://www.chess.com"]

[Event "Titled Tuesday Blitz April 18 Late 2023"]
[White "Manfroi, Alexander Giannini"]
[Black "Sarkar, Justin"]
[WhiteFideId "22739335"]
[BlackFideId "2010011"]
[WhiteElo "1618"]
[BlackElo "2189"]
[Result "0-1"]
[Round "05"]
[TimeControl "180+2"]
[Date "2023.04.18"]
[WhiteClock "0:00:23"]
[BlackClock "0:00:02"]

1. d4 Nf6 2. Bf4 b6 3. Nd2 Bb7 4. e3 e6 5. Ngf3 Bd6 6. Bg3 O-O 7. Bd3 Be7 8. Qe2 c5 9. c3 d5 10. Ne5 Nbd7 11. Bh4 Nxe5 12. dxe5 Ne4 13. Bxe7 Qxe7 14. Bxe4 dxe4 15. Qg4 Qc7 16. Qf4 f6 17. exf6 Qxf4 18. exf4 Rxf6 19. O-O-O Rxf4 20. f3 exf3 21. Nxf3 Bxf3 22. gxf3 Rxf3 23. Rd7 Rf7 24. Rd6 Re8 25. Re1 e5 26. h4 e4 27. h5 h6 28. Rg1 Kh7 29. Re1 Re5 30. Rh1 e3 31. Kd1 Rf2 32. Rd7 Rxb2 33. Kc1 Rxa2 34. Kb1 Rg2 35. Re1 e2 36. Kc1 Rxh5 37. Rxa7 Rd5 38. Rb7 h5 39. Rxb6 h4 40. Rh1 Rd1+ 41. Rxd1 exd1=R+ 42. Kxd1 h3 43. Rb4 cxb4 0-1


[Site "https://www.chess.com"]

[Event "Titled Tuesday Blitz April 18 Late 2023"]
[White "Tyagi, Kushan"]
[Black "Joubert, Dantelle"]
[WhiteFideId "2040069"]
[BlackFideId "14310813"]
[WhiteElo "2270"]
[BlackElo "1507"]
[Result "1-0"]
[Round "05"]
[TimeControl "180+2"]
[Date "2023.04.18"]
[WhiteClock "0:00:12"]
[BlackClock "0:00:19"]

1. d4 Nf6 2. c4 e6 3. g3 Bb4+ 4. Bd2 Qe7 5. Bg2 Nc6 6. Nf3 O-O 7. O-O Bxd2 8. Nbxd2 d6 9. e4 e5 10. d5 Nb8 11. b4 a5 12. a3 Na6 13. Qb3 c6 14. Ne1 Bg4 15. f3 Bd7 16. Nd3 cxd5 17. exd5 Bf5 18. Rae1 Bxd3 19. Qxd3 axb4 20. axb4 Nxb4 21. Qb3 Na6 22. f4 Nc5 23. Qc3 Nfd7 24. fxe5 Nxe5 25. Nf3 f6 26. Nd4 Ra2 27. Bh3 Qf7 28. Ne6 Qh5 29. Nf4 Qh6 30. Ra1 Rxa1 31. Rxa1 g5 32. Be6+ Kg7 33. Ne2 Re8 34. Nd4 g4 35. Nf5+ Kg6 36. Nxh6 Kxh6 37. Rf1 Kg7 38. Bf5 h5 39. Rb1 Nf3+ 40. Kf2 Re5 41. Bc2 Kh6 42. h3 Kg5 43. hxg4 hxg4 44. Rh1 Ne4+ 45. Bxe4 Rxe4 46. Qc1+ Kf5 47. Rh5+ Ng5 48. Qc2 Ke5 49. c5 dxc5 50. Qxc5 Rd4 51. d6+ Rd5 52. Qc3+ Kxd6 53. Qxf6+ Kc5 54. Rxg5 1-0


[Site "https://www.chess.com"]

[Event "Titled Tuesday Blitz April 18 Late 2023"]
[White "Sanchez, Robert"]
[Black "Torres Hernandez, Leslie Carolin"]
[WhiteFideId "2034360"]
[BlackFideId "8400504"]
[WhiteElo "1957"]
[BlackElo "1920"]
[Result "0-1"]
[Round "05"]
[TimeControl "180+2"]
[Date "2023.04.18"]
[WhiteClock "0:01:33"]
[BlackClock "0:01:21"]

1. e4 c5 2. Nf3 d6 3. d4 cxd4 4. Nxd4 Nf6 5. Nc3 a6 6. Be3 e5 7. Nb3 Be7 8. f3 O-O 9. Qd2 Be6 10. O-O-O Nbd7 11. g4 Qc7 12. g5 Nh5 13. Nd5 Bxd5 14. exd5 b5 15. Kb1 Rfb8 16. Na5 Bf8 17. Nc6 Rc8 18. Bh3 a5 19. Bg4 Nf4 20. Bxf4 exf4 21. h4 a4 22. g6 hxg6 23. h5 g5 24. a3 Nb6 25. Bxc8 Rxc8 26. Nb4 Nc4 27. Qd3 Ne3 28. Rd2 Re8 29. Rg1 Be7 30. Nc6 Bf6 31. Rh2 Nc4 32. h6 g6 33. h7+ Kh8 34. c3 Qb6 35. Nd4 Qc5 36. Re2 Rxe2 37. Qxe2 Kxh7 38. Rh1+ Kg7 39. Qe8 0-1


[Site "https://www.chess.com"]

[Event "Titled Tuesday Blitz April 18 Late 2023"]
[White "Caruana, Fabiano"]
[Black "Carlsen, Magnus"]
[WhiteFideId "2020009"]
[BlackFideId "1503014"]
[WhiteElo "2837"]
[BlackElo "2852"]
[Result "1-0"]
[Round "06"]
[TimeControl "180+2"]
[Date "2023.04.18"]
[WhiteClock "0:00:05"]
[BlackClock "0:00:03"]

1. c4 e6 2. Nc3 d5 3. d4 Bb4 4. a3 Bxc3+ 5. bxc3 Ne7 6. e3 c5 7. Nf3 Nbc6 8. a4 O-O 9. Bd3 dxc4 10. Bxc4 Nd5 11. Bd2 b6 12. O-O Bb7 13. Qe2 Na5 14. Ba2 Rc8 15. Rac1 Qd7 16. Ne5 Qxa4 17. Ra1 Qe8 18. Bb1 f6 19. Qd3 Qh5 20. Nd7 c4 21. Qc2 Rfe8 22. Nc5 Bc6 23. e4 Nc7 24. Be3 f5 25. f3 fxe4 26. fxe4 Rf8 27. Bf4 e5 28. Bxe5 Rxf1+ 29. Kxf1 Rf8+ 30. Kg1 bxc5 31. Rxa5 Bxe4 32. Qc1 Qe2 33. Ra2 Qg4 34. h3 Qg6 35. Bxe4 Qxe4 36. Bxc7 cxd4 37. cxd4 Qxd4+ 38. Kh2 Qc5 39. Bg3 c3 40. Rc2 Rc8 41. Be1 Qe5+ 42. Kh1 Qb5 43. Rxc3 Qf1+ 44. Kh2 Rxc3 45. Qxc3 h6 46. Qe5 Qf7 47. Bc3 Qd7 48. Qc5 Kh7 49. Bd4 a5 50. Qc2+ Kg8 51. Qc4+ Kh7 52. Bc3 a4 53. Qc5 Qb7 54. Be5 Qd7 55. Qc3 Kg8 56. Qc4+ Kh7 57. Qc5 Kg8 58. Bb2 Kh7 59. Qe5 Kg8 60. Qf4 Kh7 61. Qe4+ Kg8 62. Be5 Qe6 63. Qa8+ Kh7 64. Bg3 Qb3 65. Qe4+ Kg8 66. Be5 Qe6 67. Qd4 Qe7 68. Bd6 Qd7 69. Qc4+ Kh7 70. Qe4+ Kg8 71. Be5 a3 72. Qc4+ Kh7 73. Qc2+ Kh8 74. Qb3 Qe7 75. Bg3 Kh7 76. Qd3+ Kh8 77. Bd6 1-0


[Site "https://www.chess.com"]

[Event "Titled Tuesday Blitz April 18 Late 2023"]
[White "Nakamura, Hikaru"]
[Black "Bortnyk, Olexandr"]
[WhiteFideId "2016192"]
[BlackFideId "14120828"]
[WhiteElo "2885"]
[BlackElo "2734"]
[Result "1-0"]
[Round "06"]
[TimeControl "180+2"]
[Date "2023.04.18"]
[WhiteClock "0:00:12"]
[BlackClock "0:00:01"]

1. Nf3 Nf6 2. c4 b6 3. d3 Bb7 4. e4 d6 5. g3 c5 6. Bg2 g6 7. O-O Bg7 8. Nh4 Nc6 9. f4 e6 10. Bd2 Nd7 11. Bc3 Nd4 12. Nd2 Qe7 13. Nhf3 O-O 14. Rc1 a5 15. b3 Nxf3+ 16. Bxf3 Bxc3 17. Rxc3 a4 18. Rc2 axb3 19. Nxb3 Ra3 20. Qd2 Rfa8 21. Rb2 Bc6 22. Nc1 f5 23. exf5 Bxf3 24. fxe6 Qxe6 25. Rxf3 d5 26. Re3 Qd6 27. cxd5 Qxd5 28. Qe2 Rf8 29. h3 Rc3 30. Nb3 b5 31. Kh2 Rf7 32. Nd2 b4 33. Ne4 Ra3 34. Rc2 h6 35. h4 Kg7 36. Nf2 Ra7 37. Ng4 h5 38. Ne5 Rf6 39. Nf3 Nf8 40. Ng5 Kg8 41. Re5 Qd4 42. Rexc5 Rd6 43. Rc8 Qxd3 44. Qe8 1-0


[Site "https://www.chess.com"]

[Event "Titled Tuesday Blitz April 18 Late 2023"]
[White "Firouzja, Alireza"]
[Black "Vachier-Lagrave, Maxime"]
[WhiteFideId "12573981"]
[BlackFideId "623539"]
[WhiteElo "2904"]
[BlackElo "2740"]
[Result "0-1"]
[Round "06"]
[TimeControl "180+2"]
[Date "2023.04.18"]
[WhiteClock "0:00:08"]
[BlackClock "0:00:37"]

1. Nf3 d5 2. g3 g6 3. Bg2 Bg7 4. d4 Nf6 5. O-O O-O 6. c4 c6 7. b3 dxc4 8. bxc4 c5 9. Bb2 Qb6 10. Qc1 cxd4 11. Nxd4 Nc6 12. Nxc6 bxc6 13. Nd2 Bg4 14. Re1 Rfd8 15. Nb3 Rac8 16. Ba3 Qc7 17. Rb1 Qe5 18. Bc5 Rd7 19. e4 Be6 20. f4 Qh5 21. e5 Ng4 22. h3 Nh6 23. g4 Bxg4 24. hxg4 Nxg4 25. Nd4 Qh2+ 26. Kf1 Bh6 27. Nf3 Qg3 28. Re4 Rd3 29. Rb3 Rcd8 30. Rd4 Qf2# 0-1


[Site "https://www.chess.com"]

[Event "Titled Tuesday Blitz April 18 Late 2023"]
[White "Martinez Alcantara, Jose Eduardo"]
[Black "Zhigalko_Sergei"]
[WhiteFideId "3805662"]
[WhiteElo "2711"]
[BlackElo "2921"]
[Result "1-0"]
[Round "06"]
[TimeControl "180+2"]
[Date "2023.04.18"]
[WhiteClock "0:00:10"]
[BlackClock "0:00:01"]

1. Nf3 d5 2. g3 c6 3. c4 Bg4 4. Bg2 e6 5. cxd5 Bxf3 6. Bxf3 cxd5 7. O-O Nc6 8. Nc3 Nf6 9. d4 Be7 10. e3 O-O 11. Bd2 Rc8 12. Qe2 a6 13. Rfc1 Bd6 14. Be1 Qe7 15. Qd1 Rc7 16. Be2 Rfc8 17. a3 g6 18. Na4 e5 19. Nc3 Qe6 20. Bf1 h5 21. Bg2 e4 22. b4 Ne7 23. Na4 Qg4 24. Rxc7 Rxc7 25. Nc5 Qc8 26. Rc1 Kg7 27. Nb3 Rc6 28. Rxc6 Qxc6 29. Nc5 Nc8 30. Bf1 Nb6 31. Qb3 Qc8 32. a4 h4 33. b5 Bxc5 34. dxc5 Qxc5 35. Bc3 Nc4 36. bxa6 bxa6 37. Bd4 Qd6 38. Bxc4 dxc4 39. Qxc4 hxg3 40. hxg3 g5 41. Kg2 Kg6 42. Bxf6 Kxf6 43. Qxe4 a5 44. g4 1-0


[Site "https://www.chess.com"]

[Event "Titled Tuesday Blitz April 18 Late 2023"]
[White "Yoo, Christopher Woojin"]
[Black "Lazavik, Denis"]
[WhiteFideId "30909694"]
[BlackFideId "13515110"]
[WhiteElo "2519"]
[BlackElo "2560"]
[Result "1-0"]
[Round "06"]
[TimeControl "180+2"]
[Date "2023.04.18"]
[WhiteClock "0:00:05"]
[BlackClock "0:00:04"]

1. d4 Nf6 2. Nf3 d5 3. c4 e6 4. g3 Be7 5. Bg2 O-O 6. O-O dxc4 7. Qc2 a6 8. Rd1 b5 9. Ne5 Nd5 10. b3 cxb3 11. Qxb3 Bb7 12. e4 Nf6 13. d5 exd5 14. exd5 Bd6 15. Bb2 Nbd7 16. Nc6 Bxc6 17. dxc6 Nc5 18. Qc2 Qe7 19. Nc3 Rfe8 20. Nd5 Nxd5 21. Bxd5 Na4 22. Bd4 Be5 23. Re1 Qd6 24. Qe4 Rad8 25. Bxf7+ Kxf7 26. Bxe5 Qd5 27. Qf4+ Kg8 28. Bxc7 Rc8 29. Qd6 Rxe1+ 30. Rxe1 Qxd6 31. Bxd6 Rxc6 32. Bb4 Nb6 33. Re8+ Kf7 34. Re7+ Kf6 35. Ra7 Nd5 36. Bf8 Nc7 37. h4 h5 38. Kg2 g6 39. a3 Ne6 40. Bb4 Nc7 41. Bd2 Ne6 42. Be3 Rd6 43. Kf3 Rc6 44. Ra8 Rd6 45. Ke4 Ke7 46. Ra7+ Kf6 47. Ra8 Ke7 48. Ke5 Rc6 49. Ra7+ Ke8 50. Kd5 Nd8 51. Bg5 Rc2 52. Ra8 Rxf2 53. Rxd8+ Kf7 54. Rd7+ Ke8 55. Rd6 Rf3 56. Rxa6 Rxg3 57. Ke6 Kf8 58. Ra8+ Kg7 59. Bf6+ 1-0


[Site "https://www.chess.com"]